AoeStats
← Workflow Wizard

Arabia

503760959Analyzed
1v1 RM · 1mo ago on Sep 2, 2026· 43m 3s· 2 players
Game mode
Random Map
Map size
Tiny (2 player)
Population
200
Speed
Normal
Resources
Standard
Victory
Conquest
Starting age
Dark Age
Ending age
Imperial Age
RankedLock teamsTeams togetherTeam positionsShared explorationLock speedFull tech treeHidden civsTurbo modeCheats
Victory
Defeat
🇦🇷 Huns · Argentina
575
+15
🇨🇴 Cumans · Colombia
551
-15
Workflow Wizard
1:55 Loom
12:11 Feudal Age
13:24 Double-Bit Axe
13:36 Town Watch
14:17 Horse Collar
19:08 Bloodlines
19:00 Gold Mining
22:17 Wheelbarrow
22:06 Scale Barding Armor
22:12 Forging
27:01 Castle Age
26:14 Stone Mining
26:23 Fletching
28:13 Chain Barding Armor
28:29 Iron Casting
27:58 Heavy Plow
28:42 Gold Shaft Mining
29:43 Bow Saw
33:48 Hand Cart
35:42 Devotion
35:45 Murder Holes
38:17 Ballistics
38:38 Bodkin Arrow
42:51 Steppe Husbandry
Humano9059
0:26 Loom
8:58 Feudal Age
10:56 Wheelbarrow
10:18 Double-Bit Axe
11:30 Horse Collar
20:56 Castle Age
20:08 Stone Mining
21:39 Gold Mining
22:19 Bow Saw
23:08 Hand Cart
25:34 Fletching
27:53 Bodkin Arrow
28:51 Gold Shaft Mining
34:05 Imperial Age
34:12 Imperial Age
32:51 Marauders
34:09 Bloodlines
33:59 Husbandry
34:39 Elite Tarkan
35:15 Town Watch
36:43 Conscription
37:27 Two-Man Saw
37:30 Parthian Tactics
37:23 Masonry
37:46 Murder Holes
38:13 Ballistics
38:54 Chemistry
38:38 Coinage
38:18 Guilds
38:18 Bracer
40:33 Banking
40:35 Heavy Cavalry Archer
41:25 Thumb Ring
41:54 Forging
41:50 Scale Barding Armor
42:29 Town Patrol
43:54 Chain Barding Armor
44:10 Iron Casting
Connection lost

Rejoining the realm…

Still unreachable

The connection could not be restored.

Session expired

The server has moved on; the page needs a fresh start.